Unix NetHack Version 5.0.0-0 post-release - last build Jul 19 2026 19:10:59 (3aa4ab31751d3886436d94b585a96704892fd477,branch:main).

Game began 2026-07-27 12:33:09, ended 2026-07-30 17:17:14.

FoolishJester, chaotic male elven Wizard

         ----- --------                         --------------
         |..)| |.(...[.##)##--------           |.............|
         |.)..#[)....(|    r|......|      #####-..............
         |...| |..(...-#   @|......|#      ##  |{.....{......|
         |...| ----[..|### e|<.....|##########  .............|
         |...|    |(..|# # #|......|#     #     --------- ----
         ---.-    |...|# # #------.-#     #
           ###    -----# ############     #
            #####    # #     ########  ######
             #  #####0####    #         ###
             #     ### #     ###        #
             ###  #    #   -.--.--- #####
               #  #    #   |......| #
               ####    #  #.......| #
          ------.------####|......|#)
          |...........|####...[...|#
          |...........|##  |.......#
          |............##  .....>.|
          -------------    --------

FoolishJester the Thaumaturge  St:11 Dx:11 Co:17 In:20 Wi:12 Ch:12  Chaotic
Dlvl:5  $:83 HP:0(53) Pw:4(74) AC:7  Xp:6 T:3596  Burdened

Latest messages:
 The sewer rat bites!
 The sewer rat bites!
 The sewer rat bites!
 The sewer rat bites!
 The sewer rat bites!
 The sewer rat bites!
 The sewer rat bites!
 You die...
 But wait...
 Your medallion begins to glow!
 You feel much better!
 The medallion crumbles to dust!
 You survived that attempt on your life.
 You miss the floating eye.
 You are frozen by the floating eye's gaze!
 The sewer rat bites!
 The sewer rat bites!
 The sewer rat bites!
 You hear water falling on coins.
 The sewer rat bites!
 The sewer rat bites!
 The sewer rat bites!
 The sewer rat bites!
 The sewer rat bites!
 The sewer rat bites!
 The sewer rat bites!
 The sewer rat bites!
 The sewer rat bites!
 The sewer rat bites!
 The sewer rat bites!
 The sewer rat bites!
 The sewer rat bites!
 The sewer rat bites!
 The sewer rat bites!
 The sewer rat bites!
 The sewer rat bites!
 The sewer rat bites!
 The sewer rat bites!
 The sewer rat bites!
 The sewer rat bites!
 The sewer rat bites!
 The sewer rat bites!
 The sewer rat bites!
 The sewer rat bites!
 You die...
 Do you want your possessions identified? y
 Do you want to see your attributes? y
 Do you want an account of creatures vanquished? y
 Do you want to see your conduct and achievements? y
 Do you want to see the dungeon overview? y

Inventory:
 Coins    ('$')
  $ - 83 gold pieces
 Weapons  (')')
  P - a +0 elven dagger
  a - a blessed +2 quarterstaff (weapon in hands)
 Armor    ('[')
  L - an uncursed +0 pair of iron shoes
  w - an uncursed +0 pair of low boots (being worn)
  b - an uncursed +0 cloak of magic resistance (being worn)
  A - an uncursed +2 dwarvish cloak
  N - an uncursed corroded +0 ring mail
 Comestibles  ('%')
  E - an uncursed cram ration
  v - 6 uncursed food rations
 Scrolls  ('?')
  V - an uncursed scroll of create monster
  r - an uncursed scroll of enchant weapon
  u - a blessed scroll of fire
  U - an uncursed scroll of food detection
  O - an uncursed scroll of magic mapping
  j - 2 uncursed scrolls of remove curse
  G - an uncursed scroll of taming
 Spellbooks  ('+')
  D - an uncursed spellbook of blank paper
  z - an uncursed spellbook of create monster
  B - an uncursed spellbook of cure sickness
  k - a blessed spellbook of force bolt
  C - an uncursed spellbook of haste self
  W - an uncursed spellbook of identify
  l - an uncursed spellbook of magic missile
  X - an uncursed spellbook of wizard lock
 Potions  ('!')
  h - an uncursed potion of blindness
  S - an uncursed potion of gain ability
  T - an uncursed potion of invisibility
  y - an uncursed potion of paralysis
  Y - a cursed potion of paralysis
  g - an uncursed potion of sickness
 Rings    ('=')
  q - an uncursed ring of fire resistance
  e - an uncursed +3 ring of gain constitution (on right hand)
  d - an uncursed +1 ring of protection (on left hand)
  R - an uncursed ring of warning
 Wands    ('/')
  c - a wand of cancellation (0:8)
  F - a wand of cancellation (0:6)
  Z - a blessed wand of digging (0:6)
 Tools    ('(')
  n - an uncursed wooden flute
  o - a cursed credit card
  s - an uncursed lock pick
  m - a magic marker (0:0)
 Gems/Stones  ('*')
  x - an uncursed garnet stone
  p - an uncursed opal

FoolishJester the Wizard's attributes:

Background:
 You were a Thaumaturge, a level 6 male elven Wizard.
 You were chaotic, nominally on a mission for Anhur
 who was opposed by Ptah (lawful) and Thoth (neutral).
 You were left-handed.
 You were in the Dungeons of Doom, on level 5.
 You entered the dungeon 3596 turns ago.
 There was a full moon in effect when your adventure ended.
 You had 558 experience points, 82 more were needed to attain level 7.

Basics:
 You had 0 out of 53 hit points.
 You had 4 out of 74 energy points (spell power).
 Your armor class was 7.
 Your wallet contained 83 zorkmids.
 Autopickup was off.

Final Characteristics:
 Your strength was 11 (limit:18).
 Your dexterity was 11 (limit:18).
 Your constitution was 17 (base:14, peak:15, innate limit:16).
 Your intelligence was 20 (limit:20).
 Your wisdom was 12 (limit:20).
 Your charisma was 12 (limit:18).

Final Status:
 You weren't hungry.
 You were burdened; movement was slightly slowed.
 You were wielding a quarterstaff.
 You had basic skill with quarterstaff.

Final Attributes:
 You were piously aligned.
 You were magic-protected.
 You were sleep resistant.
 You were level-drain resistant.
 You had infravision.
 You had a small defense bonus (+1).
 You were guarded.
 You were a wererat.
 You were harmed by silver.
 You were very fast.
 You were lucky.
 You are dead (2nd time!).

Miscellaneous:
 You didn't encounter any bones levels.
 Total elapsed playing time was 1 hour, 5 minutes and 55 seconds.

Major events:
 Turn
    1: FoolishJester the chaotic male elven Wizard entered the dungeon
  944: attained the rank of Conjurer (level 3)
 1802: entered the Gnomish Mines
 2515: attained the rank of Thaumaturge (level 6)
 3568: averted death (killed by a sewer rat)
 3596: killed by a sewer rat, while frozen by a floating eye's gaze

Spells:
 Name                 Level Category     Fail Retention
 force bolt             1   attack         0%   81%-90%
 magic missile          2   attack         0%   81%-90%
 create monster         2   clerical      15%  76%-100%
 haste self             3   escape        54%  76%-100%
 cure sickness          3   healing       54%  76%-100%
 wizard lock            2   matter        15%  76%-100%
 identify               3   divination    54%  76%-100%

Skills:
 Fighting Skills
   bare handed combat [Unskilled]
   riding             [Unskilled]
 Weapon Skills
   dagger             [Unskilled]
   knife              [Unskilled]
   axe                [Unskilled]
   short sword        [Unskilled]
   club               [Unskilled]
   mace               [Unskilled]
   quarterstaff       [Basic]
   polearms           [Unskilled]
   spear              [Unskilled]
   trident            [Unskilled]
   sling              [Unskilled]
   dart               [Unskilled]
   shuriken           [Unskilled]
 Spellcasting Skills
   attack spells      [Basic]
   healing spells     [Unskilled]
   divination spells  [Unskilled]
   enchantment spells [Basic]
   clerical spells    [Unskilled]
   escape spells      [Unskilled]
   matter spells      [Unskilled]

Voluntary challenges:
 Character rerolling was not enabled.
 You were vegetarian.
 You were an atheist.
 You never genocided any monsters.
 You never polymorphed an object.
 You never changed form.
 You used no wishes.
Achievements:
 You attained the rank of Conjurer.
 You entered the Gnomish Mines.
 You attained the rank of Thaumaturge.

 The Dungeons of Doom: levels 1 to 6
    Level 1:
       An altar, many trees.
    Level 2:
       A sink.
    Level 3:
    Level 4:
       A fountain, a grave.
       Stairs down to The Gnomish Mines.
    Level 5: <- You were here.
       A fountain, a sink.
       Final resting place for
          you, killed by a sewer rat, while frozen by a floating eye's gaze.
    Level 6:
 The Gnomish Mines:
    Level 5:


Vanquished creatures:
  7 small mimics
  a housecat
  3 Uruk-hai
  a pony
  2 gnome leaders
  a gray ooze
  a giant ant
  a floating eye
  a dwarf
  a kobold leader
  2 hill orcs
  a rabid rat
  5 dwarf zombies
  a wererat
 an acid blob
  2 hobbits
 10 manes
  a large kobold
  3 cave spiders
  a brown mold
  a yellow mold
  4 gnomes
  a garter snake
  2 geckos
  5 jackals
  2 foxes
  a goblin
  3 sewer rats
  a grid bug
  a bat
  3 lichens
  2 kobold zombies
  4 newts
76 creatures vanquished.

No species were genocided or became extinct.

Game over:
                       ----------
                      /          \
                     /    REST    \
                    /      IN      \
                   /     PEACE      \
                  /                  \
                  |  FoolishJester   |
                  |      83 Au       |
                  |   killed by a    |
                  |    sewer rat     |
                  |                  |
                  |                  |
                  |       2026       |
                 *|     *  *  *      | *
        _________)/\\_//(\/(/\)/\//\/|_)_______

Goodbye FoolishJester the Wizard...

You died in The Dungeons of Doom on dungeon level 5 with 2607 points,
and 83 pieces of gold, after 3596 moves.
You were level 6 with a maximum of 53 hit points when you died.

